 Dungeon Crawl Stone Soup version 0.31-a0-408-gb642c7f9a3 (webtiles) character file.

Game seed: 2758187601434085627

2071789 Ofeo the Slayer (level 27, 189/189 (193) HPs)
             Began as a Demonspawn Shapeshifter on July 23, 2023.
             Was the Champion of Nemelex Xobeh.
             Escaped with the Orb
             ... and 4 runes on July 30, 2023!
             The game lasted 05:58:05 (86555 turns).

Ofeo the Slayer (Demonspawn Shapeshifter)          Turns: 86555, Time: 05:58:06

HP:   189/189 (193) AC: 42    Str: 20    XL:     27
MP:   37/37         EV: 18    Int: 31    God:    Nemelex Xobeh [******]
Gold: 3052          SH:  0    Dex: 18    Spells: 4/43 levels left

rFire   + + .        b - +7 rapier "Farph" {speed, rElec rC++ rCorr Str-4}
rCold   + + +        N - orb {guile}
rNeg    + + .        y - +9 ice dragon scales
rPois   .            (helmet unavailable)
rElec   +            T - +1 cloak of Eribrej {Regen+ Int+2 Dex+3}
rCorr   +            v - +0 pair of gloves of Begaj {Str+3 Int+5 SInv}
SInv    +            g - +2 pair of boots "Qejucow" {rF++ rCorr}
Will    .....        e - amulet of Reffiyr {Faith rF+ Int+2}
Stlth   ++           G - ring "Haibb" {rC- rN++ Dex+3 Slay+4}
HPRegen 1.31/turn    V - ring "Temyxteo" {AC+4 Slay+6}
MPRegen 0.50/turn

%: guardian spirit, faith
@: mighty, studying 2 skills, lightly drained
A: horns 3, molten scales 3, augmentation 3, magic shield, magic regeneration,
magic link, demonic magic 3, cold resistance 1, deterioration 1, frail 2,
screaming 1, strong 1, heat vulnerability 1
0: Orb of Zot
}: 4/15 runes: decaying, serpentine, slimy, silver
a: Renounce Religion, Draw Escape, Draw Destruction, Draw Summoning, Draw Stack,
Triple Draw, Deal Four, Stack Five


You escaped.
You worshipped Nemelex Xobeh.
Nemelex Xobeh was exalted by your worship.
You visited 12 branches of the dungeon, and saw 56 of its levels.
You visited the Abyss 5 times.
You visited 1 bazaar.
You also visited: Trove, Sewer and Ice Cave.

You collected 9381 gold pieces.
You spent 6329 gold pieces at shops.

Inventory:

Hand Weapons
 a - the +3 Elemental Staff {rElec rF+ rC+ AC+3, !a}
   (You acquired it on level 3 of the Elven Halls)

   It enhances your fire, ice, earth and air magic.
   AC:        It affects your AC (+3).
   rF:        It protects you from fire.
   rC:        It protects you from cold.
   rElec:     It insulates you from electricity.
 b - the +7 rapier "Farph" (weapon) {speed, rElec rC++ rCorr Str-4}
   (You bought it in a shop on level 3 of the Elven Halls)

   Str:       It affects your strength (-4).
   rC:        It greatly protects you from cold.
   rElec:     It insulates you from electricity.
   rCorr:     It protects you from acid and corrosion.
Missiles
 C - 5 throwing nets
Armour
 c - the +5 Storm Queen's Shield {shock, Fly rElec}
   (You acquired it on level 5 of the Pits of Slime)

   Shock:     When it blocks an attack, it may electrocute the attacker.
   This works even against foes who are a short distance away.
   rElec:     It insulates you from electricity.
   Fly:       It grants you flight.
 g - the +2 pair of boots "Qejucow" (worn) {rF++ rCorr}
   (You found it on level 5 of the Lair of Beasts)

   rF:        It greatly protects you from fire.
   rCorr:     It protects you from acid and corrosion.
 v - the +0 pair of gloves of Begaj (worn) {Str+3 Int+5 SInv}
   (You found it on level 3 of the Elven Halls)

   Str:       It affects your strength (+3).
   Int:       It affects your intelligence (+5).
   SInv:      It lets you see invisible.
 y - +9 ice dragon scales (worn)
 N - an orb of guile (worn)
 T - the +1 cloak of Eribrej (worn) {Regen+ Int+2 Dex+3}
   (You found it in a treasure trove)

   Int:       It affects your intelligence (+2).
   Dex:       It affects your dexterity (+3).
   Regen:     It increases your rate of health regeneration.
Jewellery
 e - the amulet of Reffiyr (around neck) {Faith rF+ Int+2}
   (You found it on level 5 of the Pits of Slime)

   [amulet of faith]

   It allows you to gain divine favour quickly.
   Int:       It affects your intelligence (+2).
   rF:        It protects you from fire.
 x - the ring of Mosa {rN++ Will+ Str-4}
   (You found it on level 3 of the Elven Halls)

   [ring of willpower]

   Str:       It affects your strength (-4).
   rN:        It greatly protects you from negative energy.
   Will:      It increases your willpower.
 D - the ring "Torosim" {Ice *Slow Str+5 Int+3}
   (You took it off a draconian knight on level 1 of the Realm of Zot)

   [ring of ice]

   It enhances your ice magic.
   Str:       It affects your strength (+5).
   Int:       It affects your intelligence (+3).
   rF:        It makes you vulnerable to fire.
   rC:        It protects you from cold.
   *Slow:     It may slow you when you take damage.
 G - the ring "Haibb" (left hand) {rC- rN++ Dex+3 Slay+4}
   (You took it off a deep elf archer on level 1 of the Elven Halls)

   [ring of slaying]

   Dex:       It affects your dexterity (+3).
   Slay:      It affects your accuracy & damage with ranged weapons and melee
   (+4).
   rC:        It makes you vulnerable to cold.
   rN:        It greatly protects you from negative energy.
 S - a ring of poison resistance
 V - the ring "Temyxteo" (right hand) {AC+4 Slay+6}
   (You found it on level 3 of the Snake Pit)

   [ring of protection]

   AC:        It affects your AC (+4).
   Slay:      It affects your accuracy & damage with ranged weapons and melee
   (+6).
Wands
 j - a wand of roots (69)
 w - a wand of light (11)
 I - a wand of paralysis (52)
 P - a wand of flame (94)
 U - a wand of mindburst (16)
 Z - a wand of digging (29) {@v1}
Scrolls
 f - 4 scrolls of fog
 i - 32 scrolls of identify {@r1}
 k - 9 scrolls of immolation
 p - 2 scrolls of blinking {@r4}
 s - 7 scrolls of vulnerability
 z - 12 scrolls of teleportation {@r3}
 E - 3 scrolls of enchant armour
 J - a scroll of butterflies
 L - a scroll of enchant weapon
 O - 3 scrolls of silence
 R - 2 scrolls of fear
 X - 2 scrolls of amnesia
 Y - 4 scrolls of revelation
Potions
 d - 2 potions of resistance {@q6}
 h - 2 potions of heal wounds {@q2}
 m - 2 potions of cancellation
 n - 6 potions of invisibility
 q - 7 potions of curing {@q1}
 r - a potion of haste {@q3}
 t - 8 potions of lignification
 u - 5 potions of ambrosia
 A - 3 potions of magic
 B - 3 potions of might {@q4}
 H - 10 potions of brilliance
 K - a potion of enlightenment
 Q - 6 potions of berserk rage
 W - 7 potions of mutation
Miscellaneous
 l - a phantom mirror
 o - a condenser vane
 F - a lightning rod (4/4)
 M - a box of beasts


   Skills:
 - Level 25.0 Fighting
 - Level 14.0 Short Blades
 - Level 20.1 Armour
 + Level 14.3 Dodging
 - Level 12.0 Stealth
 - Level 3.3 Unarmed Combat
 - Level 8.8 Spellcasting
 + Level 16.3 Conjurations
 - Level 8.0 Translocations
 - Level 18.0 Ice Magic
 - Level 20.0 Invocations
 + Level 13.2 Evocations
 - Level 3.7 Shapeshifting


You had 4 spell levels left.
You knew the following spells:

 Your Spells              Type           Power      Damage    Failure   Level
a - Magic Dart            Conj           100%       1d8       0%          1
b - Hailstorm             Conj/Ice       100%       3d20      1%          3
c - Ozocubu's Refrigerat  Ice            67%        4d22      4%          7
d - Iskenderun's Battles  Conj           100%       2d15      1%          5
e - Iskenderun's Mystic   Conj/Tloc      100%       2d19      1%          4
f - Apportation           Tloc           100%       N/A       1%          1
g - Swiftness             Air            30%        N/A       24%         3
h - Freezing Cloud        Conj/Ice/Air   55%        6-21      1%          5
i - Orb of Destruction    Conj           64%        9d15      9%          7
j - Ozocubu's Armour      Ice            100%       N/A       0%          3

Your spell library contained the following spells:

 Spells                   Type           Power      Damage    Failure   Level
 Freeze                   Ice            100%       1d10      0%          1
 Searing Ray              Conj           100%       2d8       0%          2
 Frozen Ramparts          Ice            100%       1d16      0%          3
 Foxfire                  Conj/Fire      100%       2x1d9     1%          1
 Shock                    Conj/Air       100%       1d9       1%          1
 Ensorcelled Hibernation  Hex/Ice        100%       N/A       1%          2
 Lesser Beckoning         Tloc           100%       N/A       1%          2
 Momentum Strike          Conj/Tloc      100%       3d10      1%          2
 Static Discharge         Conj/Air       100%       2-7/arc   1%          2
 Dazzling Flash           Conj/Hex       100%       N/A       1%          3
 Gell's Gravitas          Tloc           96%        N/A       1%          3
 Stone Arrow              Conj/Erth      100%       3d13      1%          3
 Teleport Other           Tloc           96%        N/A       1%          3
 Summon Ice Beast         Ice/Summ       100%       N/A       1%          4
 Mephitic Cloud           Conj/Pois/Air  81%        N/A       2%          3
 Flame Wave               Conj/Fire      96%        2d20      2%          4
 Fulminant Prism          Conj/Hex       48%        3d21      2%          4
 Portal Projectile        Hex/Tloc       100%       N/A       4%          3
 Vhi's Electric Charge    Tloc/Air       100%       N/A       4%          3
 Volatile Blastmotes      Fire/Tloc      100%       2d18      4%          3
 Necrotise                Necr           100%       1d9       8%          1
 Sandblast                Erth           60%        2d14      8%          1
 Slow                     Hex            100%       N/A       8%          1
 Sting                    Tmut/Pois      100%       1d8       8%          1
 Summon Small Mammal      Summ           100%       N/A       8%          1
 Call Imp                 Summ           60%        N/A       12%         2
 Cigotuvi's Dreadful Rot  Necr/Pois/Air  60%        N/A       12%         2
 Passwall                 Tmut/Erth      25%        N/A       12%         2
 Poisonous Vapours        Pois/Air       60%        N/A       12%         2
 Scorch                   Fire           60%        2d7       12%         2
 Sublimation of Blood     Necr           30%        N/A       12%         2
 Wereblood                Tmut           30%        N/A       12%         2
 Call Canine Familiar     Summ           30%        N/A       24%         3
 Confusing Touch          Hex            30%        N/A       24%         3
 Ignite Poison            Fire/Tmut/Pois 30%        N/A       24%         3
 Summon Guardian Golem    Hex/Summ       30%        N/A       24%         3
 Tukima's Dance           Hex            30%        N/A       24%         3
 Vampiric Draining        Necr           30%        2d8       24%         3
 Airstrike                Air            15%        2d(3-19)  61%         4
 Anguish                  Hex/Necr       15%        N/A       61%         4
 Animate Armour           Summ/Erth      60%        N/A       61%         4
 Animate Dead             Necr           30%        N/A       61%         4
 Cause Fear               Hex            15%        N/A       61%         4
 Dispel Undead            Necr           30%        3d14      61%         4
 Leda's Liquefaction      Hex/Erth       15%        N/A       61%         4
 Olgreb's Toxic Radiance  Pois           30%        N/A       61%         4
 Petrify                  Tmut/Erth      30%        N/A       61%         4
 Summon Lightning Spire   Summ/Air       30%        N/A       61%         4
 Metabolic Englaciation   Hex/Ice        50%        N/A       5%          5
 Arcjolt                  Conj/Air       48%        1d58      8%          5
 Fireball                 Conj/Fire      48%        3d19      8%          5
 Irradiate                Conj/Tmut      48%        3d27      8%          5
 Simulacrum               Ice/Necr       50%        N/A       30%         6
 Summon Forest            Summ/Tloc      35%        N/A       38%         5
 Conjure Ball Lightning   Conj/Air       48%        3x3d17    38%         6
 Leda's Unmaking          Conj/Erth      48%        9d8       38%         6
 Starburst                Conj/Fire      48%        6d13      38%         6
 Agony                    Necr           30%        N/A       91%         5
 Alistair's Intoxication  Tmut/Pois      20%        N/A       91%         5
 Borgnjor's Vile Clutch   Necr/Erth      15%        N/A       91%         5
 Lee's Rapid Deconstruct  Erth           15%        3d10*     91%         5
 Silence                  Hex/Air        15%        N/A       91%         5
 Summon Mana Viper        Hex/Summ       30%        N/A       91%         5
 Spellforged Servitor     Conj/Summ      48%        N/A       93%         7
 Polar Vortex             Ice            67%        12d9*     99%         9
 Death Channel            Necr           15%        N/A       100%        6
 Eringya's Noxious Bog    Tmut/Pois      15%        4d6       100%        6
 Plasma Beam              Fire/Air       15%        2x1d26    100%        6
 Summon Cactus Giant      Summ           15%        N/A       100%        6
 Enfeeble                 Hex            15%        N/A       100%        7
 Haunt                    Necr/Summ      15%        N/A       100%        7
 Malign Gateway           Summ/Tloc      35%        N/A       100%        7
 Discord                  Hex            15%        N/A       100%        8
 Disjunction              Tloc           48%        N/A       100%        8
 Ignition                 Fire           15%        3d6       100%        8
 Infestation              Necr           15%        N/A       100%        8
 Lehudib's Crystal Spear  Conj/Erth      48%        10d11     100%        8
 Maxwell's Capacitive Co  Air            15%        ∞         100%        8
 Chain Lightning          Conj/Air       48%        3d64      100%        9
 Dragon's Call            Summ           15%        N/A       100%        9
 Fire Storm               Conj/Fire      48%        8d12      100%        9
 Shatter                  Erth           15%        3d15*     100%        9


Dungeon Overview and Level Annotations

Branches:
Dungeon (15/15)            Temple (1/1) D:5            Lair (5/5) D:11
  Swamp (4/4) Lair:3        Snake (4/4) Lair:3        Slime (5/5) Lair:5
    Orc (2/2) D:11            Elf (3/3) Orc:2        Vaults (5/5) D:13
  Crypt (3/3) Vaults:2       Tomb (0/3) Crypt:3      Depths (4/4) D:15
    Zot (5/5) Depths:4      Sewer (visited)           IceCv (visited)

Altars:
Ashenzari
Cheibriados
Dithmenos
Fedhas
Gozag
Hepliaklqana
Kikubaaqudgha
Makhleb
Nemelex Xobeh
Okawaru
Qazlal
Ru
Sif Muna
Trog
Uskayaw
Vehumet
Wu Jian
Xom
Yredelemnul
Jiyva
Lugonu

Shops:
D:2 *   D:5 ?   D:7 *   Orc:2 ([[*=   Elf:1 (   Elf:2 !   Elf:3 (   Snake:2 *
Snake:3 *   Snake:4 :(*?   Depths:3 *=

Portals:
Hell: Depths:1 Depths:2 Depths:3 Depths:4
Abyss: Depths:3
Pandemonium: Depths:1 Depths:2
Ziggurat: Depths:2

Annotations:
Lair:5 1 runed translucent door, exclusion: door
Elf:1 9 runed translucent doors, Foashama's ghost, adept DsWr; Lott's ghost, adept OpFi; Qoro's ghost, adept DESu; Zoguozuq's ghost, journeyman GnWn
Elf:2 5 runed translucent doors
Depths:3 1 runed translucent door, Ofarpheph's ghost, adept OgEE
Zot:4 2 transporters


Innate Abilities, Weirdness & Mutations

You have a pair of large horns on your head.
You are completely covered in molten scales. (AC +4, rF+)
Your magical and physical power is greatly enhanced at high health.
When hurt, damage is shared between your health and your magic reserves.
You regenerate magic rapidly.
When low on magic, you restore magic in place of health.
Spells you cast and wands you use may paralyse nearby enemies.
Your flesh is cold resistant. (rC+)
Your body sometimes deteriorates upon taking damage.
You are very frail. (-20% HP)
You occasionally shout uncontrollably at your foes.
Your muscles are strong. (Str +4, Int/Dex -1)
You are vulnerable to heat. (rF-)


Message History

The Tzitzimitl gestures at you. The bolt of negative energy hits you!
You partially resist.
You feel drained.
You take 15 damage, and have 178/189 hp.
You now have 34/37 mp.
You impale the Tzitzimitl!! You headbutt the Tzitzimitl!
The Tzitzimitl is moderately wounded.
You miss the Tzitzimitl.
The Tzitzimitl is moderately wounded.
You miss the Tzitzimitl.
The Tzitzimitl is moderately wounded.
The Tzitzimitl engulfs you but does no damage.
The Tzitzimitl bites you! You partially resist.
You feel drained.
You take 6 damage, and have 175/187 hp.
You now have 34/37 mp.
You impale the Tzitzimitl!! You headbutt the Tzitzimitl!
The Tzitzimitl is severely wounded.
You puncture the Tzitzimitl! You headbutt the Tzitzimitl!!
You kill the Tzitzimitl!
You regained 2 hp, and now have 177/189 hp.
You regained 2 hp, and now have 181/189 hp.
MP restored: 37 You regained 2 hp, and now have 186/189 hp.
Health restored: 189
Aiming: Dig
Press: ? - help, Shift-Dir - straight line A rock wall.
This square is covered in magical glow.
The rock shatters into small pieces.
Malevolent energies surge around you.
Aiming: Dig
Press: ? - help, Shift-Dir - straight line A rock wall.
This square is covered in magical glow.
The rock shatters into small pieces.
Malevolent energies surge around you.
(D) Dungeon (T) Temple (L) Lair (S) Swamp (P) Snake Pit (M) Slime Pits (O) Orcish Mines (E) Elven Halls (V) Vaults (C) Crypt (W) Tomb (U) Depths (H) Hell (Z) Zot
Where to? (Enter - D:1 @ (x,y), ? - help)
A large abomination comes into view.
There is a staircase leading out of the dungeon here.
You have escaped!

###......................#.##.
##....#.####.####.####.##...###
#..###...##...##...##...#.#..#
#.## #.⌠.##.⌠.##.⌠.##.⌠..###.#
#.####...##...##...##...####.#
#...###.####.####.####.###...##
#.⌠.###.####.####.###..###.⌠.#.
#.........X.............[....##
##.##.........@..........##.##
#...........)................#
#.⌠.###.####.####.####.###.⌠.#
#...###.####.####.####.###...#
#.####...##...##...##...####.#
#.## #.⌠.##.⌠.##.⌠.##.⌠.# ##.#
#..###...##...##...##...###..#
##...##.####.####.####.##...##
###......................###


You could see a large abomination.

Vanquished Creatures
  the Royal Jelly (Slime:5)
  2 dread liches
  3 ancient liches
  7 orbs of fire
  A juggernaut (Depths:2)
  3 Killer Klowns (Zot:5)
  Margery (Vaults:5)
  Saint Roka (Vaults:5)
  A caustic shrike (Depths:2)
  4 curse toes
  Nikola (Vaults:3)
  Jory (Depths:2)
  7 golden dragons
  6 bone dragons
  A pandemonium lord (D:3)
  6 electric golems
  Rupert (Abyss:3)
  2 Tzitzimimeh
  14 tentacled monstrosities
  2 hellephants
  2 walking earthen tomes (Depths:2)
  11 liches
  5 titans
  A walking crystal tome (Depths:2)
  27 Orb Guardians
  Asterion (Vaults:1)
  2 deep elf blademasters
  9 quicksilver dragons
  3 ancient champions
  14 acid blobs (Slime:5)
  4 deep elf master archers
  3 tentacled starspawn (Abyss:3)
  An Executioner (Abyss:3)
  11 death cobs
  11 sphinxes
  Agnes (Snake:3)
  11 tengu reavers
  2 thorn hunters (Swamp:2)
  5 shadow dragons
  6 draconian monks
  17 storm dragons
  11 deep elf sorcerers
  A fenstrider witch (Swamp:3)
  8 rockslimes
  10 nagarajas
  17 frost giants
  4 draconian knights
  Louise (Depths:3)
  9 azure jellies
  An iron dragon (Depths:4)
  15 fire giants
  12 vault wardens
  A juggernaut zombie (Crypt:1)
  5 draconian scorchers
  The ghost of Savior361 the Brawler, a journeyman DrSh of Jiyva (Swamp:1)
  3 ghost moths
  2 curse skulls
  2 cacodemons
  An orc warlord (Orc:2)
  8 ghouls
  2 spriggan defenders (Depths:4)
  A demonspawn blood saint (D:1)
  6 deep elf elementalists
  9 ironbound preservers
  33 very ugly things
  3 draconian shifters
  The ghost of bakla the Warrior, a journeyman BaSh of Cheibriados (Lair:5)
  9 draconian stormcallers
  5 war gargoyles
  18 stone giants
  A demonspawn corrupter (D:1)
  5 draconian annihilators
  A caustic shrike skeleton (Crypt:1)
  A juggernaut skeleton (Crypt:1)
  7 formless jellyfish
  10 quicksilver oozes
  13 green draconians
  3 ironbound thunderhulks
  8 vampire knights
  6 deep elf demonologists
  An eleionoma (Swamp:2)
  3 lorocyprocas
  11 dire elephants
  8 yellow draconians
  12 deep elf annihilators
  6 red draconians
  9 white draconians
  A bunyip (shapeshifter) (Elf:3)
  7 bunyips
  4 black draconians
  7 spark wasps
  A spark wasp (shapeshifter) (Vaults:5)
  9 purple draconians
  18 ettins
  7 deep elf death magi
  A blizzard demon (Depths:1)
  4 eidola (Crypt:1)
  The ghost of wormstring the Metamorph, a journeyman FeCK of Jiyva (Snake:1)
  An ettin (shapeshifter) (Elf:1)
  A quicksilver dragon zombie (Crypt:3)
  Josephine (Swamp:1)
  A merfolk impaler (Depths:2)
  A shambling mangrove (Swamp:1)
  13 yaktaur captains
  2 green deaths
  7 jiangshi
  8 fire dragons
  3 spriggan zombies
  12 deep elf high priests
  2 entropy weavers
  A quicksilver dragon skeleton (Crypt:3)
  4 rakshasas
  7 salamander tyrants
  A hell beast (D:5)
  20 ice dragons
  28 vault guards
  3 spriggan skeletons
  A jorogumo (Depths:2)
  8 great orbs of eyes
  16 centaur warriors
  2 juggernaut simulacra (Crypt:1)
  3 ogre magi
  5 spriggan air magi
  An anaconda (shapeshifter) (Vaults:5)
  A ghost crab (Swamp:1)
  11 hydras
  18 ironbound frosthearts
  12 alligators
  6 anacondas
  A catoblepas (D:11)
  15 dancing weapons
  12 two-headed ogres
  3 boulder beetles
  4 death knights
  10 naga warriors
  7 deep troll shamans
  13 tengu warriors
  8 deep troll earth magi
  4 death yaks (Lair:5)
  4 thrashing horrors (Abyss:3)
  Urug (Orc:2)
  2 orc high priests (Orc:2)
  6 spriggan berserkers
  6 shock serpents
  2 shadow wraiths (Crypt:2)
  6 vampire magi
  3 wretched stars (Abyss:3)
  14 naga sharpshooters
  3 soul eaters
  4 sun demons
  5 iron trolls
  31 hell knights
  11 deep elf knights
  16 skeletal warriors
  2 salamander mystics (Snake:2)
  A sea snake (Orc:2)
  45 deep trolls
  6 glowing orange brains
  2 anaconda zombies
  A death drake (Abyss:3)
  9 naga ritualists
  A spriggan druid (Swamp:1)
  An orb spider (shapeshifter) (Vaults:4)
  A flayed ghost (Crypt:2)
  45 slime creatures
  7 bog bodies
  3 goliath frogs
  7 swamp dragons
  3 starcursed masses (Abyss:3)
  19 ironbound convokers
  A bunyip zombie (Crypt:2)
  A spriggan simulacrum (Crypt:1)
  12 phantasmal warriors
  27 deep elf archers
  An orange crystal statue (IceCv)
  8 lindwurms
  13 mana vipers
  5 orc knights
  7 wizards
  A fenstrider witch simulacrum (Crypt:1)
  2 stone giant zombies
  17 necromancers
  28 deep elf zephyrmancers
  7 harpies
  29 deep elf pyromancers
  39 ugly things
  3 manticores
  15 salamanders
  8 orc sorcerers
  A tengu skeleton (Vaults:3)
  4 shining eyes
  2 will-o-the-wisps
  29 moths of wrath
  2 naga zombies (Crypt:3)
  2 cyclopes
  4 worldbinders
  5 elephants (Lair:3)
  A draconian skeleton (Crypt:1)
  2 rust devils
  2 dire elephant zombies
  Maurice (D:8)
  2 guardian serpents
  36 black mambas
  A stone giant skeleton (Crypt:3)
  15 cane toads
  9 smoke demons
  A torpor snail (shapeshifter) (Elf:1)
  18 naga magi
  16 vault sentinels
  6 torpor snails
  5 gargoyles
  4 human zombies
  2 orange demons
  25 rime drakes
  A komodo dragon (shapeshifter) (D:15)
  6 komodo dragons
  An unseen horror (D:13)
  9 freezing wraiths
  A death yak zombie (Crypt:1)
  An alligator snapping turtle skeleton (Crypt:1)
  28 yaktaurs
  A hellion (Zot:5)
  An ice devil (Depths:1)
  A black draconian skeleton (Crypt:1)
  2 efreet (Zot:1)
  3 red devils (Crypt:3)
  2 ancient zymes (Abyss:3)
  14 trolls
  7 tengu conjurers
  8 polar bears
  14 tyrant leeches
  2 harpy zombies (Crypt:3)
  3 hellwings
  A bloated husk (Swamp:3)
  A human skeleton (Vaults:2)
  3 meliai (D:13)
  A wind drake (Orc:2)
  Prince Ribbit (D:8)
  26 blink frogs
  2 nameless horrors
  A fire dragon zombie (Crypt:1)
  A raiju (shapeshifter) (Elf:1)
  5 raiju
  12 dream sheep
  A stone giant simulacrum (Crypt:1)
  17 hornets
  An ettin zombie (Crypt:3)
  A culicivora (Vaults:5)
  A centaur simulacrum (Crypt:1)
  4 flying skulls (Crypt:1)
  5 air elementals
  An ettin skeleton (Crypt:1)
  A black mamba zombie (Crypt:1)
  8 water elementals
  A fire dragon skeleton (Crypt:1)
  3 ynoxinuls
  2 wyverns
  6 shadows
  9 vampires
  28 yaks
  6 spriggans
  An unseen horror simulacrum (D:9)
  Grum (D:9)
  13 wraiths
  5 basilisks
  A basilisk (shapeshifter) (D:15)
  3 fire elementals
  A black mamba skeleton (Crypt:1)
  A human simulacrum (Vaults:3)
  5 neqoxecs
  2 swamp worm simulacra (Swamp:4)
  8 redbacks
  2 steam dragons
  5 chaos spawn
  12 large abominations
  17 vampire mosquitoes
  5 small abominations (Abyss:3)
  4 wargs
  25 nagas
  17 water moccasins
  11 hydra simulacra (Swamp:4)
  4 acid dragons
  14 swamp worms
  A hell hound (Orc:2)
  A faun zombie (Crypt:2)
  5 floating eyes
  8 swamp drakes
  A naga skeleton (Crypt:3)
  38 orc warriors
  Pargi (Sewer)
  An ice beast (D:6)
  11 wolves
  An ogre (shapeshifter) (Depths:2)
  3 black bears
  A blink frog zombie (Crypt:1)
  A swamp dragon zombie (Crypt:1)
  13 ogres
  7 boggarts
  7 centaurs
  A phantom (D:4)
  21 bullfrogs
  5 kobold brigands
  A komodo dragon skeleton (Crypt:2)
  3 scorpions
  9 necrophages
  6 wights
  7 earth elementals
  14 killer bees
  A shapeshifter skeleton (Crypt:1)
  A howler monkey (D:9)
  An electric eel (Lair:1)
  A wolf skeleton (Crypt:2)
  4 lava snakes (Lair:3)
  A crimson imp (Abyss:3)
  2 quasits (Abyss:3)
  3 hounds
  5 jellies
  A gnoll bouda (D:8)
  33 orc priests
  2 iron imps (Abyss:3)
  3 sleepcaps
  A bullfrog skeleton (Crypt:2)
  7 hell rats (Lair:1)
  6 iguanas
  28 orc wizards
  A basilisk skeleton (Crypt:1)
  4 lightning spires (Vaults:2)
  An ogre skeleton (Crypt:1)
  A howler monkey skeleton (Crypt:1)
  8 gnolls
  14 adders
  A shadow imp (D:8)
  3 white imps
  6 swamp drake simulacra (Swamp:4)
  3 ufetubi
  2 worms (D:3)
  5 dart slugs
  76 orcs
  3 endoplasms
  6 giant cockroaches
  8 goblins
  5 hobgoblins
  3 jackals (D:4)
  A quokka (D:2)
  6 ball pythons
  5 bats
  3 frilled lizards
  33 kobolds
  4 rats
  15 butterflies (Vaults:4)
  7 fire vortices (D:13)
  A starspawn tentacle (Abyss:3)
2442 creatures vanquished.

Vanquished Creatures (collateral kills)
  A dread lich (Abyss:3)
  Jorgrun (Orc:2)
  An acid blob (Slime:2)
  Donald (Orc:2)
  A quicksilver ooze (Slime:2)
  An eleionoma (Swamp:2)
  Azrael (Orc:2)
  A black draconian (Zot:1)
  A rakshasa (Abyss:3)
  A naga warrior (Snake:1)
  A wizard (Vaults:2)
  2 bog bodies (Swamp:1)
  A necromancer (Vaults:3)
  A shining eye (Slime:2)
  2 ugly things (Vaults:2)
  A moth of wrath (Zot:1)
  2 hornets (Swamp:2)
  A hellwing (Abyss:3)
  3 slime creatures (Slime:2)
  3 spriggans (Swamp:2)
  4 fire elementals (Orc:2)
  A large abomination (Abyss:3)
  A chaos spawn (Abyss:3)
  A hell hound (Orc:2)
  A small abomination (Abyss:3)
  A swamp drake (Swamp:1)
  A gnoll bouda (Orc:2)
  A gnoll (Orc:2)
38 creatures vanquished.

Vanquished Creatures (others)
  An Executioner (D:13)
  A fire giant (Depths:4)
  A draconian scorcher (Zot:2)
  A curse skull (Crypt:2)
  A deep elf annihilator (Elf:3)
  2 bunyips (Swamp:4)
  A deep elf high priest (Elf:1)
  A deep elf pyromancer (Elf:2)
  A deep elf zephyrmancer (Elf:1)
  5 bloated husks
  2 hornets (Swamp:4)
  2 spriggans (Swamp:4)
  A vampire mosquito (Swamp:1)
  A small abomination (Abyss:4)
  A hydra simulacrum (Swamp:4)
  A hell hound (Orc:2)
  A swamp drake (Swamp:3)
  An orc wizard (Orc:2)
  An orc (Elf:1)
  2 ball lightnings (Vaults:2)
  A fire vortex (D:13)
  4 foxfires (Swamp:4)
  5 starspawn tentacles (Abyss:3)
38 creatures vanquished.

Grand Total: 2518 creatures vanquished

Notes
Turn   | Place    | Note
-------+----------+-------------------------------------------
     0 | D:1      | Ofeo the Demonspawn Shapeshifter began the quest for the
                  | Orb.
     0 | D:1      | Reached XP level 1. HP: 15/15 MP: 1/1
   442 | D:1      | Gained mutation: Spells you cast may paralyse adjacent
                  | enemies. [demonic ancestry]
   442 | D:1      | Reached XP level 2. HP: 19/21 MP: 2/2
  1233 | D:2      | Reached XP level 3. HP: 22/27 MP: 3/3
  1363 | D:2      | Found a faded altar of an unknown god.
  1482 | D:2      | Found a hide-covered altar of Uskayaw.
  1823 | D:2      | Found Dedaihe's Assorted Antiques.
  1831 | D:2      | Bought an ancient tin amulet for 130 gold pieces
  1831 | D:2      | Identified the amulet of Untruth {Reflect -Tele rCorr Int+5
                  | SH+5} (You bought it in a shop on level 2 of the Dungeon)
  1937 | D:2      | You fall into a shaft and drop 1 floor!
  2136 | D:2      | Identified the ring "Sooplux" {rF+ MP+9}
  2522 | D:2      | Bought a scroll labelled IRUOHINEWU for 26 gold pieces
  2662 | D:3      | Reached skill level 2 in Fighting
  2681 | D:3      | Found Reamot's Armour Shop.
  2874 | D:3      | Reached XP level 4. HP: 29/33 MP: 4/4
  2980 | D:3      | Found a radiant altar of Vehumet.
  3035 | D:3      | Found a broken altar of Ashenzari.
  3133 | D:3      | Found a stormy altar of Qazlal.
  3665 | D:4      | Gained mutation: You regenerate magic rapidly. [demonic
                  | ancestry]
  3665 | D:4      | Reached XP level 5. HP: 28/39 MP: 5/5
  3961 | D:3      | Learned a level 1 spell: Magic Dart
  3965 | D:3      | Learned a level 3 spell: Hailstorm
  3987 | D:4      | Got the Lessons on Supportive Zombies
  4028 | D:4      | Reached skill level 3 in Fighting
  4209 | D:4      | Noticed a phantom
  4237 | D:4      | Killed a phantom
  4238 | D:4      | Reached skill level 1 in Conjurations
  4238 | D:4      | Gained mutation: You are partially covered in molten
                  | scales. (AC +2) [demonic ancestry]
  4238 | D:4      | Reached XP level 6. HP: 46/47 MP: 6/6
  4361 | D:4      | Reached skill level 1 in Ice Magic
  4577 | D:4      | Reached skill level 1 in Armour
  4756 | D:4      | Found an ornate altar of the Wu Jian Council.
  4868 | D:5      | Entered Level 5 of the Dungeon
  4900 | D:5      | Found a staircase to the Ecumenical Temple.
  4922 | Temple   | Entered the Ecumenical Temple
  5841 | D:5      | Found Woynwoakk's Magic Scroll Emporium.
  5845 | D:5      | Bought a scroll of blinking for 75 gold pieces
  6107 | D:6      | Found a glowing drain.
  6155 | Sewer    | Entered a sewer
  6252 | Sewer    | Noticed Pargi
  6257 | Sewer    | Killed Pargi
  6258 | Sewer    | Reached XP level 7. HP: 39/53 MP: 7/7
  6364 | D:6      | Reached skill level 4 in Fighting
  6997 | D:6      | Gained mutation: You have a pair of small horns on your
                  | head. [demonic ancestry]
  6997 | D:6      | Reached XP level 8. HP: 30/61 MP: 8/8
  7001 | D:6      | Reached skill level 5 in Fighting
  7300 | D:6      | Found a blossoming altar of Fedhas.
  7951 | D:5      | Bought a scroll of enchant armour for 75 gold pieces
  8954 | D:7      | Reached skill level 6 in Fighting
  9035 | D:7      | Reached skill level 5 in Conjurations
  9875 | D:7      | Found Viomil's General Store.
 10022 | D:7      | Reached skill level 5 in Armour
 10128 | D:7      | Gained mutation: Spells you cast may paralyse nearby
                  | enemies. [demonic ancestry]
 10128 | D:7      | Reached XP level 9. HP: 55/71 MP: 9/9
 10269 | D:8      | Reached skill level 7 in Fighting
 10730 | D:8      | Noticed Maurice
 11153 | D:8      | Killed Maurice
 11154 | D:8      | Reached skill level 8 in Fighting
 11216 | D:8      | Noticed Prince Ribbit
 11223 | D:8      | Killed Prince Ribbit
 11341 | D:8      | Found an opulent altar of Gozag.
 11588 | D:9      | Noticed a centaur warrior
 11596 | D:9      | Killed a centaur warrior
 11597 | D:9      | Gained mutation: You have a pair of horns on your head.
                  | [demonic ancestry]
 11597 | D:9      | Reached XP level 10. HP: 72/82 MP: 10/10
 11620 | D:9      | HP: 2/82 [something (17)]
 12266 | D:9      | Reached skill level 9 in Fighting
 12376 | D:9      | Found a hazy altar of Hepliaklqana.
 12546 | D:9      | Found a burning altar of Makhleb.
 12572 | D:9      | Found a sparkling altar of Nemelex Xobeh.
 12573 | D:9      | Noticed a two-headed ogre
 12578 | D:9      | Killed a two-headed ogre
 12945 | D:9      | Noticed Grum
 12955 | D:9      | Killed Grum
 13395 | D:9      | Learned a level 2 spell: Call Imp
 13452 | D:9      | Became a worshipper of Nemelex Xobeh the Trickster
 13475 | D:10     | Entered Level 10 of the Dungeon
 13523 | D:10     | Gained mutation: You have a pair of large horns on your
                  | head. [demonic ancestry]
 13523 | D:10     | Reached XP level 11. HP: 70/90 MP: 11/11
 13535 | D:10     | Reached skill level 1 in Short Blades
 13674 | D:10     | Found a shadowy altar of Dithmenos.
 13674 | D:10     | Found a bloodstained altar of Trog.
 13726 | D:10     | Found a sacrificial altar of Ru.
 13770 | D:10     | Reached skill level 10 in Fighting
 14210 | D:10     | Found a basalt altar of Yredelemnul.
 14511 | D:10     | Reached * piety under Nemelex Xobeh
 15603 | D:10     | Received a gift from Nemelex Xobeh
 16203 | D:2      | Bought a coppery potion for 23 gold pieces
 16203 | D:2      | Bought a metallic yellow potion for 23 gold pieces
 16203 | D:2      | Bought a scroll of teleportation for 78 gold pieces
 16580 | D:11     | Noticed a catoblepas
 16595 | D:11     | Killed a catoblepas
 16646 | D:11     | Found a staircase to the Lair.
 17257 | D:11     | Found a staircase to the Orcish Mines.
 17652 | D:11     | Reached skill level 1 in Invocations
 17983 | D:11     | Noticed a two-headed ogre
 18009 | D:11     | Killed a two-headed ogre
 18010 | D:11     | Reached skill level 11 in Fighting
 18328 | D:11     | Reached skill level 1 in Stealth
 18358 | Lair:1   | Entered Level 1 of the Lair of Beasts
 18561 | Lair:1   | Gained mutation: You are mostly covered in molten scales.
                  | (AC +3) [demonic ancestry]
 18561 | Lair:1   | Reached XP level 12. HP: 100/100 MP: 14/14
 18688 | Lair:1   | Reached skill level 5 in Short Blades
 18900 | Lair:1   | Reached ** piety under Nemelex Xobeh
 20106 | Lair:2   | Reached skill level 10 in Armour
 20543 | Lair:2   | Reached skill level 5 in Invocations
 20809 | Lair:2   | Received a gift from Nemelex Xobeh
 21222 | Lair:3   | Reached skill level 5 in Dodging
 21253 | Lair:3   | Noticed a five-headed hydra
 21256 | Lair:3   | Noticed a seven-headed hydra
 21380 | Lair:3   | Killed a seven-headed hydra
 21398 | Lair:3   | Paralysed by a floating eye for 3 turns
 21472 | Lair:3   | Received a gift from Nemelex Xobeh
 21516 | Lair:3   | Reached XP level 13. HP: 94/107 MP: 17/17
 21652 | Lair:3   | Reached *** piety under Nemelex Xobeh
 21684 | Lair:3   | Found a staircase to the Snake Pit.
 21956 | Lair:3   | Reached skill level 12 in Fighting
 21963 | Lair:3   | a five-headed hydra changed into a quicksilver ooze
 21963 | Lair:3   | Noticed a quicksilver ooze
 21972 | Lair:3   | Killed a quicksilver ooze
 22422 | Lair:3   | Found a staircase to the Swamp.
 22685 | D:5      | Bought a scroll of enchant weapon for 75 gold pieces
 22685 | D:5      | Bought a scroll of butterflies for 40 gold pieces
 22685 | D:5      | Bought a scroll of identify for 20 gold pieces
 22685 | D:5      | Bought a scroll of identify for 20 gold pieces
 22685 | D:5      | Bought a scroll of identify for 20 gold pieces
 23489 | Lair:4   | You fall into a shaft and drop 1 floor!
 23489 | Lair:5   | Entered Level 5 of the Lair of Beasts
 23499 | Lair:5   | Found a runed translucent door.
 23537 | Lair:5   | Noticed a fire dragon
 23550 | Lair:5   | Reached skill level 5 in Stealth
 23616 | Lair:5   | Learned a level 5 spell: Iskenderun's Battlesphere
 23980 | Lair:5   | Reached skill level 1 in Spellcasting
 24243 | Lair:5   | Received a gift from Nemelex Xobeh
 24952 | Lair:5   | Found a runed translucent gate.
 24952 | Lair:5   | Found a runed translucent gate.
 24952 | Lair:5   | Found a runed translucent gate.
 24956 | Lair:5   | Noticed bakla's ghost (journeyman BaSh)
 24986 | Lair:5   | Gained mutation: When hurt, damage is shared between your
                  | health and your magic reserves. [demonic ancestry]
 24986 | Lair:5   | Reached XP level 14. HP: 116/116 MP: 19/19
 25031 | Lair:5   | Found a staircase to the Slime Pits.
 25258 | Lair:5   | Paralysed by a hornet for 3 turns
 25267 | Lair:5   | Paralysed by a hornet for 3 turns
 25297 | Lair:5   | Reached skill level 10 in Conjurations
 25403 | Lair:5   | Reached **** piety under Nemelex Xobeh
 26237 | Lair:4   | Received a gift from Nemelex Xobeh
 26920 | Lair:5   | Identified the +2 pair of boots "Qejucow" {rF++ rCorr}
 27187 | Orc:1    | Entered Level 1 of the Orcish Mines
 27424 | Orc:1    | Received a gift from Nemelex Xobeh
 27673 | Orc:2    | Entered Level 2 of the Orcish Mines
 27710 | Orc:2    | Noticed Urug
 27722 | Orc:2    | Killed Urug
 27767 | Orc:2    | Found a staircase to the Elven Halls.
 28060 | Orc:2    | Noticed Donald
 28073 | Orc:2    | Noticed Azrael
 28959 | D:13     | Received a gift from Nemelex Xobeh
 29660 | D:13     | Received a gift from Nemelex Xobeh
 30297 | D:13     | Found a gate to the Vaults.
 31138 | D:14     | Received a gift from Nemelex Xobeh
 31274 | D:14     | Reached ***** piety under Nemelex Xobeh
 31415 | D:14     | Reached skill level 10 in Short Blades
 31569 | D:14     | Reached XP level 15. HP: 110/122 MP: 21/21
 31569 | D:14     | Upgraded the game from 0.31-a0-345-g1ebeae05c6 to
                  | 0.31-a0-354-g827e0957a7
 31961 | D:15     | Entered Level 15 of the Dungeon
 31961 | D:15     | Noticed Rupert
 31961 | D:15     | Received a gift from Nemelex Xobeh
 32261 | D:14     | Banished Rupert
 32879 | D:15     | Reached skill level 13 in Fighting
 33039 | D:15     | Received a gift from Nemelex Xobeh
 33076 | D:15     | Found a staircase to the Depths.
 33593 | Swamp:1  | Entered Level 1 of the Swamp
 33718 | Orc:2    | Killed Donald
 33723 | Orc:2    | Killed Azrael
 33825 | Orc:2    | Noticed Jorgrun
 33843 | Orc:2    | Killed Jorgrun
 34049 | Orc:2    | Found Avvyaf's Armour Emporium.
 34272 | Orc:2    | Reached skill level 10 in Invocations
 34594 | Orc:2    | Received a gift from Nemelex Xobeh
 34722 | Orc:2    | Paralysed by an orc sorcerer for 5 turns
 34733 | Orc:2    | Found Lobysiw's Antique Armour Shop.
 34741 | Orc:2    | Found Ifukhas's General Store.
 34741 | Orc:2    | Found Daufidgh's Jewellery Boutique.
 34767 | Orc:2    | Found Fogheif's Antique Weapon Shop.
 35370 | Swamp:1  | Found a transporter.
 35405 | Swamp:1  | Noticed a tentacled monstrosity
 35417 | Swamp:1  | Noticed a tentacled monstrosity
 35417 | Swamp:1  | Noticed Savior361's ghost (journeyman DrSh)
 35418 | Swamp:1  | Found a transporter.
 35499 | Swamp:1  | Noticed Josephine
 35511 | Swamp:1  | Killed Josephine
 35512 | Swamp:1  | Reached skill level 5 in Spellcasting
 36464 | Swamp:2  | Gained mutation: Your magical and physical power is
                  | slightly enhanced at high health. [demonic ancestry]
 36464 | Swamp:2  | Reached XP level 16. HP: 70/130 MP: 13/23
 36542 | Swamp:2  | Received a gift from Nemelex Xobeh
 36585 | Swamp:2  | Noticed a thorn hunter
 36590 | Swamp:2  | Killed a thorn hunter
 36936 | Swamp:2  | Noticed a thorn hunter
 36951 | Swamp:2  | Killed a thorn hunter
 37229 | Swamp:3  | Upgraded the game from 0.31-a0-354-g827e0957a7 to
                  | 0.31-a0-358-gac0dbeb3ab
 37329 | Swamp:3  | Noticed a tentacled monstrosity
 37344 | Swamp:3  | Killed a tentacled monstrosity
 38045 | Swamp:4  | Entered Level 4 of the Swamp
 38243 | Snake:1  | Entered Level 1 of the Snake Pit
 38284 | Snake:1  | Identified a scroll of acquirement
 38291 | Snake:1  | Acquired 716 gold pieces
 38488 | Orc:2    | Bought a condenser vane for 560 gold pieces
 38734 | Snake:1  | Noticed wormstring's ghost (journeyman FeCK)
 38735 | Snake:1  | Found a runed translucent door.
 38736 | Snake:1  | Received a gift from Nemelex Xobeh
 38760 | Snake:1  | Killed wormstring's ghost
 38788 | Snake:1  | Reached skill level 5 in Ice Magic
 39383 | Snake:1  | Reached skill level 1 in Evocations
 39800 | Snake:1  | Identified the +6 plate armour "Neeshroti" {Rampage rPois
                  | Int-2}
 39856 | Snake:1  | Upgraded the game from 0.31-a0-358-gac0dbeb3ab to
                  | 0.31-a0-360-gb3e1d13bf4
 40104 | Snake:2  | Found Siutsyes's Assorted Antiques.
 40227 | Snake:2  | Received a gift from Nemelex Xobeh
 40230 | Snake:2  | Bought a scroll of enchant weapon for 247 gold pieces
 40230 | Snake:2  | Bought a wand of light (4) for 554 gold pieces
 40230 | Snake:2  | Bought a wand of paralysis (5) for 396 gold pieces
 40467 | Snake:2  | Found a transporter.
 40480 | Snake:2  | Found a shimmering blue altar of Sif Muna.
 40899 | Snake:3  | Reached skill level 14 in Fighting
 41087 | Snake:3  | Found Zeotiewk's Gadget Gallery.
 41109 | Snake:3  | Found a frozen archway.
 41120 | Snake:3  | Identified the ring "Temyxteo" {AC+4 Slay+6}
 41130 | IceCv    | Entered an ice cave
 41211 | IceCv    | Reached XP level 17. HP: 126/139 MP: 25/26
 42133 | Snake:3  | Received a gift from Nemelex Xobeh
 42329 | Snake:3  | Identified the +5 robe "Belaleduco" {Will+ Dex-5 Slay+2
                  | Stlth+}
 42560 | Snake:3  | Reached ****** piety under Nemelex Xobeh
 42628 | Snake:3  | Noticed Agnes
 42632 | Snake:3  | Killed Agnes
 42776 | Snake:3  | Reached skill level 5 in Evocations
 43100 | Snake:4  | Entered Level 4 of the Snake Pit
 43440 | Snake:4  | Received a gift from Nemelex Xobeh
 43672 | Snake:4  | Found Axixi's Book Boutique.
 43674 | Snake:4  | Found Ongem's Weapon Shop.
 43676 | Snake:4  | Found Haluxed's Assorted Antiques.
 43909 | Snake:4  | Found Uliyb's Magic Scroll Emporium.
 45041 | Snake:4  | Reached skill level 10 in Stealth
 45630 | Snake:4  | Received a gift from Nemelex Xobeh
 45648 | Snake:4  | Got a serpentine rune of Zot
 45672 | Snake:4  | Reached skill level 10 in Dodging
 46078 | Swamp:4  | Gained mutation: You are completely covered in molten
                  | scales. (AC +4, rF+) [demonic ancestry]
 46078 | Swamp:4  | Reached XP level 18. HP: 140/147 MP: 27/27
 46321 | Swamp:4  | Received a gift from Nemelex Xobeh
 46658 | Swamp:4  | Upgraded the game from 0.31-a0-360-gb3e1d13bf4 to
                  | 0.31-a0-365-gcf821cafb2
 46764 | Swamp:4  | Got a decaying rune of Zot
 47036 | Vaults:1 | Entered Level 1 of the Vaults
 47455 | Snake:4  | Bought a scroll of enchant weapon for 277 gold pieces
 47741 | D:7      | Bought a scroll of enchant weapon for 82 gold pieces
 48007 | Snake:3  | Bought a lightning rod (4/4) for 480 gold pieces
 48291 | Vaults:1 | Reached skill level 15 in Fighting
 48334 | Vaults:1 | Noticed Asterion
 48341 | Vaults:1 | Killed Asterion
 48734 | Vaults:1 | Received a gift from Nemelex Xobeh
 48945 | Vaults:1 | Received a gift from Nemelex Xobeh
 49348 | Abyss:3  | Cast into level 3 of the Abyss (a wizard)
 49374 | Abyss:3  | Learned a level 4 spell: Iskenderun's Mystic Blast
 49376 | Abyss:3  | Learned a level 1 spell: Apportation
 49380 | Abyss:3  | Learned a level 3 spell: Swiftness
 49485 | Abyss:3  | Noticed a lich
 49511 | Abyss:3  | Killed a lich
 49512 | Abyss:3  | Reached skill level 1 in Translocations
 49591 | Abyss:3  | Gained mutation: You occasionally shout uncontrollably at
                  | your foes. [a neqoxec]
 49603 | Abyss:3  | Paralysed by Rupert for 3 turns
 49670 | Vaults:1 | Escaped the Abyss
 49875 | Vaults:2 | Received a gift from Nemelex Xobeh
 50036 | Vaults:2 | Got the Cyclopedia of Summoning
 50255 | Vaults:2 | You fall into a shaft and drop 2 floors!
 50388 | Vaults:4 | Paralysed by a sphinx for 2 turns
 50397 | Vaults:4 | Paralysed by a sphinx for 3 turns
 50403 | Vaults:4 | Paralysed by a sphinx for 5 turns
 50524 | Vaults:4 | Found a huge runed gate.
 50524 | Vaults:4 | Found a huge runed gate.
 50524 | Vaults:4 | Found a huge runed gate.
 50524 | Vaults:4 | Found a huge runed gate.
 50524 | Vaults:4 | Found a huge runed gate.
 50524 | Vaults:4 | Found a huge runed gate.
 50524 | Vaults:4 | Found a huge runed gate.
 50525 | Vaults:4 | Found a huge runed gate.
 50525 | Vaults:4 | Found a huge runed gate.
 50525 | Vaults:4 | Found a huge runed gate.
 50526 | Vaults:4 | Found a huge runed gate.
 50526 | Vaults:4 | Found a huge runed gate.
 50527 | Vaults:4 | Found a huge runed gate.
 50528 | Vaults:4 | Found a huge runed gate.
 50529 | Vaults:4 | Found a huge runed gate.
 50572 | Vaults:4 | Found a huge runed gate.
 50573 | Vaults:4 | Found a huge runed gate.
 50574 | Vaults:4 | Found a huge runed gate.
 50575 | Vaults:4 | Found a huge runed gate.
 50640 | Vaults:4 | Found a huge runed gate.
 50640 | Vaults:4 | Found a huge runed gate.
 50640 | Vaults:4 | Found a huge runed gate.
 50640 | Vaults:4 | Found a huge runed gate.
 50640 | Vaults:4 | Found a huge runed gate.
 50727 | Vaults:4 | Received a gift from Nemelex Xobeh
 50738 | Vaults:4 | Reached XP level 19. HP: 157/157 MP: 29/29
 50740 | Vaults:4 | Reached skill level 5 in Translocations
 50974 | Vaults:4 | Paralysed by a formless jellyfish for 1 turns
 50986 | Vaults:4 | Reached skill level 16 in Fighting
 51079 | Vaults:4 | Upgraded the game from 0.31-a0-365-gcf821cafb2 to
                  | 0.31-a0-369-g8eba5f6939
 51231 | Vaults:4 | Paralysed by a formless jellyfish for 1 turns
 51747 | Vaults:4 | Received a gift from Nemelex Xobeh
 51852 | Vaults:4 | Found a huge runed gate.
 51853 | Vaults:4 | Found a huge runed gate.
 51854 | Vaults:4 | Found a huge runed gate.
 51855 | Vaults:4 | Found a huge runed gate.
 51961 | Vaults:4 | Found a huge runed gate.
 51961 | Vaults:4 | Found a huge runed gate.
 51961 | Vaults:4 | Found a huge runed gate.
 51961 | Vaults:4 | Found a huge runed gate.
 51961 | Vaults:4 | Found a huge runed gate.
 51961 | Vaults:4 | Found a huge runed gate.
 51962 | Vaults:4 | Found a huge runed gate.
 51963 | Vaults:4 | Found a huge runed gate.
 52479 | Vaults:4 | Identified the +0 long sword of Prudence {pain, rN+ Will+
                  | Dex-5}
 52572 | Vaults:3 | Noticed Nikola
 52594 | Vaults:3 | Reached skill level 15 in Invocations
 52616 | Vaults:3 | Killed Nikola
 53058 | Vaults:3 | Received a gift from Nemelex Xobeh
 53406 | Vaults:3 | Received a gift from Nemelex Xobeh
 53592 | Vaults:3 | Received a gift from Nemelex Xobeh
 54105 | Vaults:2 | Reached skill level 15 in Armour
 54223 | Vaults:2 | Received a gift from Nemelex Xobeh
 54559 | Vaults:2 | Paralysed by an air elemental for 1 turns
 54563 | Vaults:2 | Paralysed by an air elemental for 1 turns
 54569 | Vaults:2 | Paralysed by an air elemental for 1 turns
 54572 | Vaults:2 | Paralysed by an air elemental for 1 turns
 54659 | Vaults:2 | Paralysed by an air elemental for 1 turns
 54716 | Vaults:2 | Got the Codex of Anemomancy
 55077 | Vaults:2 | Found a staircase to the Crypt.
 55392 | Vaults:2 | Reached XP level 20. HP: 161/167 MP: 32/32
 55537 | Vaults:2 | Identified the +0 pair of boots of Good Intentions {Str+2}
 55905 | Swamp:1  | Reached skill level 17 in Fighting
 55910 | Swamp:1  | Killed Savior361's ghost
 56582 | Snake:2  | Found a transporter.
 56770 | Snake:4  | Bought a scroll of enchant armour for 135 gold pieces
 56770 | Snake:4  | Bought a scroll of fear for 72 gold pieces
 56770 | Snake:4  | Bought a scroll of fog for 72 gold pieces
 56804 | Snake:4  | Bought a scroll of enchant armour for 277 gold pieces
 56842 | Snake:4  | Learned a level 5 spell: Freezing Cloud
 57058 | Depths:1 | Entered Level 1 of the Depths
 57065 | Depths:1 | Received a gift from Nemelex Xobeh
 57323 | Depths:1 | Received a gift from Nemelex Xobeh
 57642 | Depths:1 | Found a portal to a secret trove of treasure.
 57685 | Trove    | Entered a treasure trove
 57695 | Trove    | Identified the +4 pair of boots "Dekeuxky" {Stlth+}
 57734 | Trove    | Identified the +1 cloak of Eribrej {Regen+ Int+2 Dex+3}
 57815 | Trove    | Identified the +0 helmet of the Wumpus {Harm Drain Will+
                  | Str+2 Int+2}
 58123 | Depths:1 | Found a gateway to Hell.
 58168 | Depths:1 | Found a one-way gate leading to the halls of Pandemonium.
 58605 | Depths:2 | Reached skill level 18 in Fighting
 58781 | Depths:2 | Gained mutation: Your spells are a little easier to cast,
                  | but a little less powerful. [a cacodemon]
 58784 | Depths:2 | Gained mutation: You are dopey. (Int -2) [a cacodemon]
 59182 | Depths:2 | Found an ancient bone altar of Kikubaaqudgha.
 59307 | Depths:2 | Noticed a caustic shrike
 59313 | Depths:2 | Killed a caustic shrike
 59338 | Depths:2 | Gained mutation: When low on magic, you restore magic in
                  | place of health. [demonic ancestry]
 59338 | Depths:2 | Reached XP level 21. HP: 178/178 MP: 34/34
 59418 | Depths:2 | Found a one-way gateway to a ziggurat.
 59929 | Depths:2 | Paralysed by a sphinx for 4 turns
 59940 | Depths:2 | Paralysed by a sphinx for 2 turns
 60072 | Depths:2 | Noticed a juggernaut
 60087 | Depths:2 | Killed a juggernaut
 60277 | Depths:2 | Noticed a golden dragon
 60302 | Depths:2 | Killed a golden dragon
 60416 | Depths:2 | Reached skill level 19 in Fighting
 60417 | Depths:2 | Identified the ring of Ifuaforphich {Ice Slay+2}
 60655 | Depths:2 | Identified the +4 scale mail of Idealism {Harm +Inv rCorr
                  | Int-2}
 61126 | Depths:3 | Noticed Jory
 61362 | Depths:2 | Killed Jory
 61741 | Depths:3 | Identified the +0 robe of the Constellations {rPois}
 61829 | Depths:3 | Found a one-way gate to the infinite horrors of the Abyss.
 61829 | Depths:3 | Noticed Louise
 61861 | Depths:3 | Found Gozag's Platinum Reserve.
 61863 | Depths:3 | Found an opulent altar of Gozag.
 61913 | Depths:3 | Killed Louise
 62295 | Depths:3 | Paralysed by a floating eye for 2 turns
 62317 | Depths:3 | Paralysed by a sphinx for 4 turns
 62553 | Depths:3 | Found Nyd Ovoz's Jewellery Boutique.
 62629 | Depths:3 | Found a runed translucent door.
 62629 | Depths:3 | Noticed Ofarpheph's ghost (adept OgEE)
 62708 | Depths:3 | Received a gift from Nemelex Xobeh
 62837 | Depths:4 | Entered Level 4 of the Depths
 63354 | Depths:4 | Found a shadowy altar of Dithmenos.
 63368 | Depths:4 | Reached XP level 22. HP: 190/190 MP: 36/36
 63518 | Depths:4 | Reached skill level 20 in Fighting
 63672 | Depths:4 | Noticed a golden dragon
 63699 | Depths:4 | Killed a golden dragon
 63700 | Depths:4 | Found a gate to the Realm of Zot.
 64334 | Elf:1    | Entered Level 1 of the Elven Halls
 64559 | Elf:1    | Found a flickering gateway to a bazaar.
 64589 | Bazaar   | Entered a bazaar
 64607 | Bazaar   | Found Eghutta's Armour Emporium.
 64623 | Bazaar   | Found Baenkih's Magic Scroll Shoppe.
 64639 | Bazaar   | Found Umnagg's Jewellery Shoppe.
 64639 | Bazaar   | Found Empa's Magic Scroll Emporium.
 64683 | Bazaar   | Bought a scroll of blinking for 90 gold pieces
 64683 | Bazaar   | Bought a scroll of fog for 48 gold pieces
 64683 | Bazaar   | Bought a scroll of enchant weapon for 90 gold pieces
 64683 | Bazaar   | Bought a scroll of revelation for 90 gold pieces
 64703 | Bazaar   | Bought a scroll of enchant weapon for 105 gold pieces
 64703 | Bazaar   | Bought a scroll of enchant weapon for 105 gold pieces
 64703 | Bazaar   | Bought a scroll of revelation for 105 gold pieces
 64855 | Elf:1    | Identified the ring "Haibb" {rC- rN++ Dex+3 Slay+4}
 65106 | Elf:1    | You fall into a shaft and drop 1 floor!
 65280 | Elf:2    | Received a gift from Nemelex Xobeh
 65681 | Elf:2    | Found Sistok's Distillery.
 65685 | Elf:2    | Bought a potion of haste for 150 gold pieces
 65685 | Elf:2    | Bought a potion of curing for 45 gold pieces
 65685 | Elf:2    | Bought a potion of curing for 45 gold pieces
 65721 | Elf:2    | Found a huge runed translucent gate.
 65721 | Elf:2    | Found a huge runed translucent gate.
 65721 | Elf:2    | Found a huge runed translucent gate.
 65721 | Elf:2    | Found a huge runed translucent gate.
 65721 | Elf:2    | Found a huge runed translucent gate.
 65888 | Elf:3    | Entered Level 3 of the Elven Halls
 66012 | Elf:3    | Found Xust's Weapon Shoppe.
 66168 | Elf:3    | Paralysed by an air elemental for 1 turns
 66172 | Elf:3    | Paralysed by an air elemental for 1 turns
 66174 | Abyss:3  | Cast into level 3 of the Abyss (a deep elf sorcerer)
 66312 | Abyss:3  | Reached skill level 21 in Fighting
 66314 | Abyss:3  | Found a corrupted altar of Lugonu.
 66325 | Abyss:3  | Found a corrupted altar of Lugonu.
 66325 | Abyss:3  | Found a corrupted altar of Lugonu.
 66400 | Abyss:3  | Received a gift from Nemelex Xobeh
 66406 | Elf:3    | Escaped the Abyss
 66633 | Abyss:3  | Cast into level 3 of the Abyss (a deep elf sorcerer)
 66924 | Abyss:3  | Found a corrupted altar of Lugonu.
 66986 | Abyss:3  | Gained mutation: Your magical and physical power is
                  | enhanced at high health. [demonic ancestry]
 66986 | Abyss:3  | Reached XP level 23. HP: 201/201 MP: 37/37
 67106 | Elf:3    | Escaped the Abyss
 67425 | Elf:3    | Found the +8 demon blade "Leech" {evervamp, Harm Drain rN+}
 67425 | Elf:3    | Found the +13 scythe of Curses {drain, curses, Drain}
 67478 | Elf:3    | Got the Disquisition on Impure Lightning
 67496 | Elf:3    | Acquired the +3 Elemental Staff {rElec rF+ rC+ AC+3}
 67496 | Elf:3    | Found the +3 Elemental Staff {rElec rF+ rC+ AC+3}
 67499 | Elf:3    | Got the Elucidation of Percussion
 67504 | Elf:3    | Identified the +0 chain mail "Kelluwei" {+Blink Dex+2}
 67511 | Elf:3    | Identified the +10 rapier of Gehenna {holy, rC- rN+ Str+5
                  | Stlth+}
 67517 | Elf:3    | Got Sif Muna's Compilation of the Band and Outbursts
 67553 | Elf:3    | Identified the scarf of the Other World {+Inv, Str-5 Dex+5}
 67570 | Elf:3    | Identified the amulet of Ignis, Loving {Reflect -Cast Fly
                  | rElec Dex+3 SH+5}
 67605 | Elf:3    | Got the Collected Works on the Wintry Flock
 67612 | Elf:3    | Identified the +8 scimitar "Anuphime" {elec, Str+5}
 67613 | Elf:3    | Identified the +3 glaive of Sin {flame, rElec rF+++ Str+3
                  | Dex-3}
 67620 | Elf:3    | Identified the ring of Mosa {rN++ Will+ Str-4}
 67625 | Elf:3    | Identified the +0 pair of gloves of Begaj {Str+3 Int+5
                  | SInv}
 67966 | Elf:3    | Bought the +7 rapier "Farph" {speed, rElec rC++ rCorr
                  | Str-4} for 1059 gold pieces
 68125 | Elf:1    | Reached skill level 22 in Fighting
 68167 | Elf:1    | Found a runed translucent gate.
 68167 | Elf:1    | Found a runed translucent gate.
 68167 | Elf:1    | Found a runed translucent gate.
 68167 | Elf:1    | Found a runed translucent gate.
 68167 | Elf:1    | Found a runed translucent gate.
 68169 | Elf:1    | Found a runed translucent gate.
 68334 | Elf:1    | Found a runed translucent gate.
 68335 | Elf:1    | Found a runed translucent gate.
 68336 | Elf:1    | Found a runed translucent gate.
 68424 | Elf:1    | Found Buxaty's Weapon Shop.
 68693 | Elf:1    | Noticed Zoguozuq's ghost (journeyman GnWn)
 68693 | Elf:1    | Noticed Lott's ghost (adept OpFi)
 68693 | Elf:1    | Noticed Qoro's ghost (adept DESu)
 68693 | Elf:1    | Noticed Foashama's ghost (adept DsWr)
 69735 | Crypt:1  | Entered Level 1 of the Crypt
 70455 | Crypt:1  | Received a gift from Nemelex Xobeh
 71422 | Crypt:2  | Received a gift from Nemelex Xobeh
 71519 | Crypt:2  | Acquired the Volume of the Energetic Blizzard
 71529 | Crypt:2  | Learned a level 7 spell: Orb of Destruction
 72094 | Crypt:3  | Entered Level 3 of the Crypt
 72451 | Crypt:3  | Received a gift from Nemelex Xobeh
 72591 | Crypt:3  | Got the Tome of Position and Clouds
 72704 | Crypt:3  | Found a staircase to the Tomb.
 72704 | Crypt:3  | Paralysed by a vampire knight for 5 turns
 72741 | Crypt:3  | Reached skill level 23 in Fighting
 72792 | Crypt:3  | Identified the +10 shortbow of the Shining Light {heavy,
                  | Drain rC++ rN++}
 73042 | Crypt:3  | Identified the +4 hand axe "Demonslayer" {holy, SInv}
 73122 | Crypt:3  | Gained mutation: Spells you cast and wands you use may
                  | paralyse nearby enemies. [demonic ancestry]
 73122 | Crypt:3  | Reached XP level 24. HP: 197/214 MP: 35/37
 73480 | Crypt:3  | Found an ancient bone altar of Kikubaaqudgha.
 73545 | Crypt:3  | Identified the +1 chain mail of Past Mistakes {Harm rElec
                  | Str-2 Int-4}
 73559 | Crypt:3  | Noticed a dread lich
 73569 | Crypt:3  | Paralysed by a dread lich for 4 turns
 73578 | Crypt:3  | Killed a dread lich
 74179 | Slime:1  | Entered Level 1 of the Pits of Slime
 74242 | Slime:1  | Received a gift from Nemelex Xobeh
 74337 | Slime:3  | Received a gift from Nemelex Xobeh
 74501 | Slime:3  | Gained mutation: You sometimes lose your temper in combat.
                  | [a shining eye]
 74513 | Slime:3  | Paralysed by a great orb of eyes for 3 turns
 74675 | Slime:5  | Entered Level 5 of the Pits of Slime
 74711 | Slime:5  | Received a gift from Nemelex Xobeh
 74801 | Slime:5  | Found a viscous altar of Jiyva.
 74801 | Slime:5  | Noticed the Royal Jelly
 74850 | Slime:5  | Killed the Royal Jelly
 74875 | Slime:5  | Acquired the +5 Storm Queen's Shield {shock, Fly rElec}
 74875 | Slime:5  | Found the +5 Storm Queen's Shield {shock, Fly rElec}
 74879 | Slime:5  | Got the Treatise on Hypothermia
 74880 | Slime:5  | Identified the +5 spear "Siabluz" {flame, Will+ Str+4}
 74885 | Slime:5  | Identified the +5 flail of Mocsuovi {freeze, Will+}
 74895 | Slime:5  | Identified the +6 scale mail of the Shoals {Str+3}
 74899 | Slime:5  | Identified the amulet of Reffiyr {Faith rF+ Int+2}
 74993 | Slime:5  | Identified the +2 rapier of the Usurping Gods {heavy, rN+
                  | Dex+3}
 75016 | Slime:5  | Got a slimy rune of Zot
 75028 | Slime:5  | Gained mutation: You are clumsy. (Dex -2) [a shining eye]
 75137 | Lair:5   | Learned a level 7 spell: Ozocubu's Refrigeration
 75171 | Lair:5   | Upgraded the game from 0.31-a0-369-g8eba5f6939 to
                  | 0.31-a0-408-gb642c7f9a3
 75221 | Lair:5   | Killed bakla's ghost
 75328 | Snake:3  | Bought a phantom mirror for 640 gold pieces
 75909 | Vaults:5 | Entered Level 5 of the Vaults
 76010 | Abyss:3  | Found a corrupted altar of Lugonu.
 76010 | Abyss:3  | Cast into level 3 of the Abyss (a deep elf demonologist)
 76017 | Abyss:3  | Paralysed by Rupert for 5 turns
 76036 | Abyss:3  | Killed Rupert
 76041 | Abyss:3  | Noticed a dread lich
 76058 | Abyss:3  | Paralysed by a dread lich for 4 turns
 76069 | Abyss:3  | Paralysed by a dread lich for 3 turns
 76111 | Abyss:3  | Paralysed by a dread lich for 2 turns
 76112 | Abyss:3  | Killed a dread lich
 76113 | Abyss:3  | Reached skill level 24 in Fighting
 76113 | Abyss:3  | Reached skill level 10 in Ice Magic
 76326 | Vaults:5 | Escaped the Abyss
 76340 | Vaults:5 | Noticed Margery
 76359 | Vaults:5 | Noticed an ancient lich
 76367 | Vaults:5 | Killed Margery
 76374 | Vaults:5 | Reached XP level 25. HP: 132/223 MP: 15/37
 76374 | Vaults:5 | Identified the +9 spear of Causality {freeze, SInv Stlth+}
 76378 | Vaults:5 | Killed an ancient lich
 76382 | Vaults:5 | Identified the +3 glaive "Ganutos" {drain, rN+ Str+4}
 76413 | Vaults:5 | Noticed Saint Roka
 76414 | Vaults:5 | Reached skill level 15 in Ice Magic
 76442 | Vaults:5 | Paralysed by an orc sorcerer for 4 turns
 76447 | Abyss:3  | Cast into level 3 of the Abyss (a deep elf sorcerer)
 76477 | Abyss:4  | Received a gift from Nemelex Xobeh
 76477 | Abyss:4  | Found a corrupted altar of Lugonu.
 76618 | Vaults:5 | Escaped the Abyss
 76643 | Vaults:5 | Noticed a dread lich
 76661 | Vaults:5 | Killed a dread lich
 76810 | Vaults:5 | Killed Saint Roka
 76887 | Vaults:5 | Received a gift from Nemelex Xobeh
 77032 | Vaults:5 | Identified the +1 scale mail "Ylyehischas" {Str+4 Int-2}
 77384 | Vaults:5 | Got a silver rune of Zot
 77657 | Vaults:5 | Received a gift from Nemelex Xobeh
 78367 | Zot:1    | Entered Level 1 of the Realm of Zot
 78624 | Zot:1    | Received a gift from Nemelex Xobeh
 78674 | Zot:1    | Noticed an orb of fire
 78686 | Zot:1    | Lost mutation: Your spells are a little easier to cast, but
                  | a little less powerful. [an orb of fire]
 78696 | Zot:1    | Killed an orb of fire
 79133 | Depths:4 | Lost mutation: You are dopey. (Int -2) [potion of mutation]
 79133 | Depths:4 | Lost mutation: You are clumsy. (Dex -2) [potion of
                  | mutation]
 79133 | Depths:4 | Lost mutation: You occasionally shout uncontrollably at
                  | your foes. [potion of mutation]
 79382 | Zot:1    | Identified the ring "Torosim" {Ice *Slow Str+5 Int+3}
 79685 | Zot:1    | Reached skill level 25 in Fighting
 80297 | Zot:2    | Learned a level 3 spell: Ozocubu's Armour
 80418 | Zot:2    | Reached XP level 26. HP: 207/235 MP: 28/37
 80662 | Zot:2    | Received a gift from Nemelex Xobeh
 80680 | Zot:2    | Identified the ring "Zatsalae" {rElec rN+}
 81947 | Zot:3    | Received a gift from Nemelex Xobeh
 83427 | Zot:4    | Noticed an orb of fire
 83441 | Zot:4    | Killed an orb of fire
 83442 | Zot:4    | Reached skill level 10 in Evocations
 83530 | Zot:4    | Found a transporter.
 83668 | Zot:4    | Identified the +1 chain mail "Qemufura" {Fly}
 83685 | Zot:4    | Found a transporter.
 83894 | Zot:5    | Entered Level 5 of the Realm of Zot
 84048 | Zot:5    | Received a gift from Nemelex Xobeh
 84723 | Zot:5    | Noticed an ancient lich
 84726 | Zot:5    | Noticed an orb of fire
 84738 | Zot:5    | Noticed an orb of fire
 84739 | Zot:5    | Gained mutation: You are frail. (-10% HP) [an orb of fire]
 84739 | Zot:5    | Gained mutation: You occasionally shout uncontrollably at
                  | your foes. [an orb of fire]
 84743 | Zot:5    | Gained mutation: You do not regenerate when monsters are
                  | visible. [an orb of fire]
 84745 | Zot:5    | Noticed an orb of fire
 84750 | Zot:5    | Killed an orb of fire
 84751 | Zot:5    | Banished an orb of fire
 84766 | Zot:5    | Killed an orb of fire
 84767 | Zot:5    | Lost mutation: You occasionally shout uncontrollably at
                  | your foes. [potion of mutation]
 84767 | Zot:5    | Lost mutation: You sometimes lose your temper in combat.
                  | [potion of mutation]
 84767 | Zot:5    | Lost mutation: You do not regenerate when monsters are
                  | visible. [potion of mutation]
 84767 | Zot:5    | Gained mutation: You occasionally shout uncontrollably at
                  | your foes. [potion of mutation]
 84767 | Zot:5    | Gained mutation: You are very frail. (-20% HP) [potion of
                  | mutation]
 84767 | Zot:5    | Gained mutation: Your muscles are strong. (Str +4, Int/Dex
                  | -1) [potion of mutation]
 84767 | Zot:5    | Gained mutation: Your flesh is cold resistant. (rC+)
                  | [potion of mutation]
 84774 | Zot:5    | Killed an ancient lich
 84787 | Zot:5    | Noticed an orb of fire
 84793 | Zot:5    | Gained mutation: Your body sometimes deteriorates upon
                  | taking damage. [an orb of fire]
 84797 | Zot:5    | Gained mutation: You are vulnerable to heat. (rF-) [an orb
                  | of fire]
 84806 | Zot:5    | Killed an orb of fire
 84807 | Zot:5    | Reached skill level 15 in Conjurations
 84807 | Zot:5    | Noticed an orb of fire
 84837 | Zot:5    | Noticed an orb of fire
 84837 | Zot:5    | Noticed an ancient lich
 84849 | Zot:5    | Killed an orb of fire
 84867 | Zot:5    | Killed an orb of fire
 84868 | Zot:5    | Gained mutation: Your magical and physical power is greatly
                  | enhanced at high health. [demonic ancestry]
 84868 | Zot:5    | Reached XP level 27. HP: 139/193 MP: 14/37
 84874 | Zot:5    | Killed an ancient lich
 85262 | Zot:5    | Received a gift from Nemelex Xobeh
 85587 | Zot:5    | Got the Orb of Zot
 85938 | D:13     | Noticed Kium the pandemonium lord
 86315 | D:3      | Noticed Eghoir the pandemonium lord
 86338 | D:3      | Killed Eghoir the pandemonium lord
 86555 | D:$      | Escaped with the Orb!

Illustrated notes

Levels and vault maps discovered:
D:1:      dpeg_arrival_chambers_temple_mockup, layout_loops_corners,
          nicolae_the_louvre
D:2:      layout_basic, serial_rivers, chequers_serial_rivers_room_b,
          chequers_serial_rivers_small_a, chequers_serial_rivers_micro_c,
          chequers_serial_rivers_micro_e, shapermc_ecumenical_altar_acropolis,
          serial_shops, shop, basic_altar, minmay_liquid_box,
          kennysheep_generic_room_8
D:3:      layout_loops_corners, grunt_qazlal_sundering,
          nicolae_overflow_crystal_walls, marbit_many_paths, serial_shops, shop,
          hangedman_decor_peaks_small
D:4:      layout_rooms, mainiacjoe_overflow_surrounded_room,
          mainiacjoe_overflow_small_starburst, kennysheep_little_box,
          sigmund_army
D:5:      layout_loops_cross, minmay_temple_entry_gardened_gates, serial_shops,
          nicolae_shop_back_alley_shop, nicolae_figureground_sparkle
D:6:      layout_gridville, fedhas_altar_3, gup_sewer_entry_glass
D:7:      layout_basic, kennysheep_windowed_goal
D:8:      layout_cave_pools, lemuel_round_altar, grunt_ministairs_4,
          uniq_maurice, uniq_prince_ribbit1
D:9:      cheibrodos_barr_body, layout_loops_ring,
          nemelex_xobeh_ov_fountains_minmay, amcnicky_altar_gilded,
          mainiacjoe_overflow_catwalk, uniq_grum
D:10:     layout_layer_cave, gammafunk_temple_overflow_forgotten,
          mainiacjoe_overflow_paths
D:11:     layout_gridville, due_lair_maze_entry_diamond, david_orc_3,
          serial_glass, glass_columns_b, glass_columns_a
D:12:     layout_loops_ring
D:13:     layout_gridville, grunt_vaults_entry_fortified, special_room
          [special_room_orc]
D:14:     layout_stronghold, serial_column_ruins, column_ruins_hut_water,
          column_ruins_grid_3, column_ruins_open_small,
          column_ruins_columns_straight, column_ruins_grid_3, solitary_fountain,
          chequers_decorated_corner, library_closet
D:15:     hangedman_depths_entry_civil_slaughter, layout_cave_pools, uniq_rupert
Temple:   corrupted_temple
Lair:1:   layout_gridlike, serial_bayou_ford_a
Lair:2:   layout_loops_ring, chequers_serial_rivers_small_3, lemuel_fruit_tree
Lair:3:   layout_cave_shapes, palyth_hydra_swamp_entry,
          nicolae_snake_entry_warm_welcome, roderic_carrion_pond
Lair:4:   layout_regular_city, grunt_megastairs_1
Lair:5:   wormcave, layout_gridlike, guppyfry_lair_end_dragon,
          dpeg_slime_entry_enclosed, gammafunk_ghost_split,
          minmay_lair_drake_nest
Swamp:1:  layout_basic_swamp, gammafunk_ghost_arena, evilmike_swamp_ruin_wall,
          uniq_josephine
Swamp:2:  layout_basic_swamp, infiniplex_staircase_pool, swamp_pool2
Swamp:3:  layout_basic_swamp, evilmike_swamp_ruin_rubble_2, swamp_pool1,
          lightli_tree_ring
Swamp:4:  swamp_icy, layout_basic_swamp
Snake:1:  layout_gridlike, hellmonk_ghost_happy_afterlife, st_stairs_7
Snake:2:  gammafunk_sealed_library, layout_onion_interference, serial_shops,
          shop
Snake:3:  layout_gridlike, portal_ice_cave_entry_pillars_four, special_room,
          nicolae_shop_gadgets, uniq_agnes
Snake:4:  snake_pit, layout_cave_town, serial_shops, nicolae_shop_rolled_up,
          grunt_megastairs_5, minmay_shop_star
Slime:1:  layout_caves
Slime:2:  layout_caves
Slime:3:  layout_caves
Slime:4:  layout_caves
Slime:5:  slime_pit
Orc:1:    layout_diamond_mine
Orc:2:    st_orc_congregation, layout_diamond_mine, serial_shops,
          nicolae_shop_window_shopping, uniq_urug, uniq_jorgrun, uniq_donald,
          uniq_azrael
Elf:1:    layout_rooms, serial_shops, bzr_entry_gold,
          nicolae_shop_tiny_waterfront, gammafunk_ghost_cemetery,
          evilmike_minifort, orc_legates
Elf:2:    elven_hall_of_blades_hangedman_alternative [nicolae_blade_lattice],
          layout_geoelf_octagon, serial_shops, nicolae_shop_trees
Elf:3:    minmay_elf_hall_four_x, layout_geoelf_diagonals, serial_shops,
          nicolae_shop_crystal
Vaults:1: vaults_room_grunt_arrival_ludios, v_misc_23, v_pattern_4,
          nicolae_vaults_mitosis, vaults_room_hallway,
          nicolae_vaults_double_plus_2, nicolae_vaults_little_squares_4,
          nicolae_vaults_octothorpe, nicolae_vaults_shock_wave, v_rooms_4,
          nicolae_vaults_house_2, hangedman_vaults_locks, vaults_mumra_chevron,
          v_misc_33, layout_vaults_maze, uniq_asterion
Vaults:2: grunt_vaults_bifocal, blue_anna_dwarven_crypt,
          nicolae_vaults_lopsided_apartments, v_misc_1, nicolae_vaults_asterisk,
          nicolae_vaults_wrenched, v_misc_27, ontoclasm_vaults_shuriken,
          nicolae_vaults_trapezoid_3, nicolae_vaults_trapezoid_4,
          nicolae_vaults_trapezoid_4, layout_vaults_ring,
          serial_hangedman_research, hangedman_research_convocations,
          hangedman_research_electronics
Vaults:3: nicolae_vaults_tetromino_T_1, v_pattern_1,
          nicolae_vaults_security_offices_3, nicolae_vaults_house_3,
          vaults_dpeg_ring, nicolae_vaults_house_1, layout_vaults_omnigrid,
          uniq_nikola
Vaults:4: nicolae_vaults_trapezoid_lopsided_1, hangedman_vaults_cutoff,
          v_misc_32, nicolae_vaults_closet_pinwheel_2, vaults_dpeg_encased_lava,
          nicolae_vaults_tetromino_T_2, nicolae_vaults_trapezoid_2,
          not_door_vault_mu, ontoclasm_vaults_pinch, hangedman_vaults_capsules,
          v_alt_pattern_4, nicolae_vaults_diamond_1, layout_vaults_chaotic_city
Vaults:5: uniq_saint_roka, uniq_margery
Crypt:1:  layout_catacombs, grunt_crypt_arrival_split, uniq_grunn
Crypt:2:  layout_gridlike
Crypt:3:  quadcrypt_mu
Depths:1: layout_big_octagon, enter_trove_3, nicolae_elyvilon_temple_path,
          grunt_pan_entry_sceptre, hell_entry, lemuel_old_faithful,
          grunt_megastairs_2
Depths:2: hangedman_box_tower, layout_gridlike, enter_ziggurat_e, hell_entry,
          rand_demon_pan_entry_3, kiku_gazebo_garden_becter,
          serial_bayou_shore_b
Depths:3: nicolae_whirlpool, layout_honeycomb, nicolae_gozag_zags_fifth_avenue,
          gammafunk_ghost_grave, serial_shops, shop, hellmouth_3,
          nicolae_abyss_entry_one_way_or_another, tso_metal_star,
          uniq_josephina, uniq_jory
Depths:4: grunt_zot_entry_bicorn, layout_cave_pools,
          grunt_dithmenos_smoke_and_mirrors, hangedman_geh_valley
Zot:1:    lemuel_halls_of_wrath, layout_cellular_growth
Zot:2:    layout_basic, st_small_dragon_hoard_1
Zot:3:    lemuel_draconian_sentries_small, layout_twisted_circle,
          lemuel_elevator, grunt_megastairs_4
Zot:4:    gammafunk_dig_for_victory, layout_basic, st_stairs_12
Zot:5:    layout_basic

Skill      XL: |  1  2  3  4  5  6  7  8  9 10 11 12 13 14 15 16 17 18 19 20 21 22 23 24 25 26 27 |
---------------+----------------------------------------------------------------------------------+-----
Dodging        | 2 3 5 6 7 8 9 10 13 14 | 14.3
Unarmed Combat | 3 |  3.3
Shapeshifting  | 3 |  3.7
Fighting       | 2 3 4 6 8 9 11 12 13 14 15 16 18 19 21 23 24 25 | 25.0
Conjurations   | 1 2 3 5 7 9 11 12 13 14 15 16 | 16.3
Ice Magic      | 1 2 4 5 6 7 14 17 18 | 18.0
Armour         | 2 3 5 7 8 9 10 11 12 13 14 15 16 18 19 20 | 20.1
Short Blades   | 4 7 8 10 12 14 | 14.0
Invocations    | 2 5 7 9 10 11 12 14 16 18 20 | 20.0
Stealth        | 1 4 5 6 8 9 10 11 12 | 12.0
Spellcasting   | 2 3 5 6 8 |  8.8
Evocations     | 3 7 11 13 | 13.2
Translocations | 4 8 |  8.0

Action                     |  1- 3 |  4- 6 |  7- 9 | 10-12 | 13-15 | 16-18 | 19-21 | 22-24 | 25-27 || total
---------------------------+-------+-------+-------+-------+-------+-------+-------+-------+-------++-------
  Melee: Unarmed           |    36 |       |       |     3 |       |       |       |       |       ||    39
         Dagger            |    60 |   165 |       |       |       |   292 |  1306 |   697 |       ||  2520
         Punch             |     2 |     3 |       |    11 |    46 |     7 |       |       |       ||    69
         Halberd           |       |    39 |   141 |       |       |       |       |       |       ||   180
         Headbutt          |       |       |    53 |   159 |   304 |   177 |   418 |   706 |   415 ||  2232
         Dire flail        |       |       |    97 |   372 |       |       |       |       |       ||   469
         Short sword       |       |       |       |   221 |  1138 |   456 |       |       |       ||  1815
         Rapier            |       |       |       |       |    36 |       |       |  1101 |  1047 ||  2184
   Cast: Magic Dart        |       |       |    11 |   134 |   446 |   643 |   406 |   166 |    12 ||  1818
         Iskenderun's Batt |       |       |       |       |    53 |   119 |    38 |    31 |     6 ||   247
         Hailstorm         |       |       |       |       |    59 |    14 |     2 |     8 |     5 ||    88
         Call Imp          |       |       |       |       |       |     2 |       |     3 |       ||     5
         Iskenderun's Myst |       |       |       |       |       |     1 |    19 |    15 |     4 ||    39
         Freezing Cloud    |       |       |       |       |       |       |     2 |    17 |    20 ||    39
         Ozocubu's Refrige |       |       |       |       |       |       |       |     2 |    89 ||    91
         Orb of Destructio |       |       |       |       |       |       |       |       |     7 ||     7
         Ozocubu's Armour  |       |       |       |       |       |       |       |       |     2 ||     2
 Invoke: Draw Destruction  |       |       |       |     7 |    26 |    18 |    25 |     8 |    18 ||   102
         Draw Summoning    |       |       |       |     1 |     8 |     5 |    11 |     5 |     1 ||    31
         Draw Escape       |       |       |       |       |     4 |     3 |       |       |     2 ||     9
         Deal Four         |       |       |       |       |     2 |       |       |     1 |     2 ||     5
         Stack Five        |       |       |       |       |       |     1 |     1 |     1 |       ||     3
         Triple Draw       |       |       |       |       |       |     1 |       |       |       ||     1
         Draw Stack        |       |       |       |       |       |       |     5 |     5 |     1 ||    11
  Evoke: Wand              |       |       |     6 |    11 |    13 |     3 |    13 |    15 |    17 ||    78
         Box of beasts     |       |       |       |       |     1 |       |     2 |       |       ||     3
         Condenser vane    |       |       |       |       |       |       |     1 |     2 |       ||     3
         Lightning rod     |       |       |       |       |       |       |       |     8 |       ||     8
    Use: Scroll            |     5 |     4 |     8 |     7 |    16 |     9 |     7 |    20 |     6 ||    82
         Potion            |       |     2 |     2 |     5 |    10 |     2 |     7 |    19 |    19 ||    66
   Stab: Sleeping          |     1 |       |       |       |     7 |    16 |     9 |     9 |     6 ||    48
         Invisible         |       |       |     7 |       |       |       |     2 |     1 |       ||    10
         Paralysed         |       |       |       |    83 |   131 |   262 |   269 |   126 |    64 ||   935
         Distracted        |       |       |       |       |     4 |     3 |     4 |     4 |     6 ||    21
 Armour: Animal skin       |    13 |       |       |       |       |       |       |       |       ||    13
         Ice dragon scales |    21 |   117 |   178 |   540 |   820 |   543 |   760 |   944 |   508 ||  4431
         Skin              |       |     7 |       |       |       |       |       |       |       ||     7
  Dodge: Dodged            |    55 |   127 |   162 |   414 |   582 |   453 |   548 |   751 |   332 ||  3424
         Form:             |       |       |       |     1 |       |       |       |       |       ||     1

Table legend: (Time is in decaauts)
 A = Elapsed time spent in this place.
 B = Non-inter-level travel time spent in this place.
 C = Inter-level travel time spent in this place.
 D = Time resting spent in this place.
 E = Time spent auto-exploring this place.
 F = Levels seen in this place.
 G = Mean time per level.
                   A        B        C        D        E       F      G
               +--------+--------+--------+--------+--------+-----+--------+
         Total |  83983 |  74822 |   9161 |  11916 |  41485 |  66 | 1272.5 |
       Dungeon |  26203 |  22113 |   4090 |   4441 |  13827 |  15 | 1746.9 |
        Temple |     59 |     54 |      5 |      0 |      0 |   1 |   59.0 |
          Lair |   9167 |   7760 |   1407 |    968 |   4327 |   5 | 1833.4 |
         Swamp |   4386 |   3958 |    428 |    650 |   1977 |   4 | 1096.5 |
     Snake Pit |   7457 |   6573 |    884 |   1311 |   3312 |   4 | 1864.2 |
    Slime Pits |    851 |    830 |     21 |    112 |      0 |   5 |  170.2 |
  Orcish Mines |   2784 |   2357 |    427 |    260 |   1435 |   2 | 1392.0 |
   Elven Halls |   3905 |   3801 |    104 |    207 |   2000 |   3 | 1301.7 |
        Vaults |   9075 |   8161 |    914 |    600 |   5821 |   5 | 1815.0 |
         Crypt |   3766 |   3650 |    116 |    223 |   2311 |   3 | 1255.3 |
        Depths |   7019 |   6533 |    486 |   1126 |   3290 |   4 | 1754.8 |
           Zot |   6656 |   6381 |    275 |   1476 |   2744 |   5 | 1331.2 |
         Abyss |   1256 |   1256 |      0 |    324 |    105 |   6 |  209.3 |
        Bazaar |    180 |    180 |      0 |      0 |     54 |   1 |  180.0 |
         Trove |    204 |    204 |      0 |      0 |      2 |   1 |  204.0 |
         Sewer |    177 |    177 |      0 |      0 |    105 |   1 |  177.0 |
      Ice Cave |    831 |    831 |      0 |    216 |    170 |   1 |  831.0 |
               +--------+--------+--------+--------+--------+-----+--------+

Top non-repeatable levels by time:
  Lair:5: 2977 daAuts
 Snake:4: 2908 daAuts
Depths:2: 2767 daAuts
    D:10: 2743 daAuts
    D:11: 2362 daAuts
     D:6: 2360 daAuts
Vaults:4: 2325 daAuts
    D:13: 2290 daAuts
   Orc:2: 2128 daAuts
Vaults:2: 1971 daAuts
     D:7: 1952 daAuts
     D:9: 1907 daAuts
   Zot:3: 1857 daAuts
     D:8: 1845 daAuts
  Lair:2: 1801 daAuts
